 Dungeon Crawl Stone Soup version 0.30-a0-1059-g7dea3e163d (webtiles) character file.

Game seed: 4347236497093376883

70 Lavandula the Slasher (level 4, 0/34 HPs)
             Began as a Demonspawn Gladiator on Apr 12, 2023.
             Succumbed to an orc wizard's poison
             ... on level 3 of the Dungeon.
             The game lasted 00:04:02 (2102 turns).

Lavandula the Slasher (Demonspawn Gladiator)        Turns: 2102, Time: 00:04:03

Health: 0/34       AC:  7    Str: 16    XL:     4   Next: 3%
Magic:  2/4        EV: 11    Int: 10    God:
Gold:   93         SH:  0    Dex: 14    Spells: 2/3 levels left

rFire   . . .      SeeInvis .    l - +1 spear (pain)
rCold   . . .      Faith    .    (no shield)
rNeg    . . .      Spirit   +    r - +0 ring mail
rPois   .          Reflect  .    (helmet restricted)
rElec   .          Rampage  .    v - +0 cloak
rCorr   .                        j - +0 pair of gloves
Will    .....                    (no boots)
Stlth   +                        h - amulet of guardian spirit
HPRegen 0.25/turn                (no ring)
MPRegen 0.09/turn                (no ring)

@: lethally poisoned (0 -> -11)
A: antennae 2, ignite blood 1
a: no special abilities


You were on level 3 of the Dungeon.
You visited 1 branch of the dungeon, and saw 3 of its levels.

You collected 119 gold pieces.
You spent 26 gold pieces at shops.

Inventory:

Hand Weapons
 a - a +0 long sword
 l - a +1 spear of pain (weapon)
Missiles
 d - 3 throwing nets (quivered)
 e - a javelin
 q - 11 poisoned darts
Armour
 b - a +0 leather armour
 c - a +0 helmet
 j - a +0 pair of gloves (worn)
 r - a +0 ring mail (worn)
 v - a +0 cloak (worn)
Jewellery
 h - an amulet of guardian spirit (around neck)
 p - an amulet of faith
Scrolls
 f - 2 scrolls of teleportation {unknown}
 g - 2 scrolls of fog {unknown}
 i - a scroll of torment {unknown}
 k - 3 scrolls of vulnerability {unknown}
 o - 2 scrolls of identify
 s - a scroll of poison {unknown}
Potions
 m - a potion of haste {unknown}
 n - a potion of ambrosia {unknown}
 t - 3 potions of brilliance {unknown}
 u - a potion of curing {unknown}


   Skills:
 + Level 2.4 Fighting
 - Level 3.6 Long Blades
 - Level 2.0 Polearms
 - Level 1.7 Throwing
 - Level 2.6 Dodging


You had 2 spell levels left.
You knew the following spells:

 Your Spells              Type           Power      Damage    Failure   Level
a - Summon Small Mammal   Summ           0%         N/A       58%         1

Your spell library contained the following spells:

 Spells                   Type           Power      Damage    Failure   Level
 Apportation              Tloc           0%         N/A       58%         1
 Beastly Appendage        Tmut           0%         N/A       58%         1
 Necrotise                Necr           0%         1d4       58%         1
 Poisonous Vapours        Pois/Air       0%         N/A       73%         2
 Wereblood                Tmut           0%         N/A       73%         2
 Call Canine Familiar     Summ           0%         N/A       91%         3
 Mephitic Cloud           Conj/Pois/Air  0%         N/A       91%         3
 Portal Projectile        Hex/Tloc       0%         N/A       91%         3
 Spider Form              Tmut/Pois      0%         N/A       91%         3
 Leda's Liquefaction      Hex/Erth       0%         N/A       100%        4
 Freezing Cloud           Conj/Ice/Air   0%         6-21      100%        5


Dungeon Overview and Level Annotations

Branches:
Dungeon (3/15)

Altars:

Shops:
D:1 ?

Annotations:
D:2 Sigmund


Innate Abilities, Weirdness & Mutations

You have a pair of antennae on your head.
Your demonic aura sometimes causes spilled blood to erupt in flames.


Message History

Unknown command.
You barely miss the orc wizard.
The orc wizard is moderately wounded.
You feel less confused.
You feel sick.
The orc wizard hits you but does no damage.
You are more poisoned.
You hear some strange, mumbled words.
A puff of flame appears from out of thin air!
The puff of flame hits you.
Unknown command.
Okay, then.
Unknown command.
You feel very sick.
The orc wizard hits you but does no damage.
You are lethally poisoned!
Unknown command.
You aren't carrying any items that you can evoke.
Unknown command.
You feel very sick. The orc wizard casts a spell at you.
The magic dart hits you!
* * * LOW HITPOINT WARNING * * *
Sorry, you're not good enough to have a special ability.
Unknown command.
You hit the orc.
The orc is severely wounded.
* * * LOW HITPOINT WARNING * * *
You feel very sick.
Unknown command.
You hit the orc wizard but do no damage.
The orc wizard is moderately wounded.
* * * LOW HITPOINT WARNING * * *
You feel very sick.
The orc wizard hits you but does no damage.
The orc hits you but does no damage.
Unknown command.
You hit the orc wizard.
The orc wizard is heavily wounded.
You die...

......................#.#####
#.......................#
##..........#.<.....#.##.#
..........#...........##.# #
######>.......)..).......##+####
.............##....#.....#......
####+##.....#.##.##..†##..+......
#.......#.....##.##...###.#......
#.....#.###.#[.o@##...###..)#####
#.... ### #....#o##...#..........
#... ####.{h##...#.......... #..
#+#o##...#.......... #.
......h.##...#.......... #
.w......# #.......... ........#
########### ......... ...w..... {


You could see an orc wizard, 2 orcs and 2 jackals.

Vanquished Creatures
  A gnoll (D:1)
  2 worms (D:2)
  4 dart slugs (D:1)
  An orc (D:3)
  4 bats
  5 endoplasms
  2 giant cockroaches
  2 goblins
  4 hobgoblins
  A jackal (D:3)
  3 kobolds
  3 quokkas
  4 ball pythons
  3 frilled lizards
  4 rats
43 creatures vanquished.

Notes
Turn   | Place    | Note
-------+----------+-------------------------------------------
     0 | D:1      | Lavandula the Demonspawn Gladiator began the quest for the
                  | Orb.
     0 | D:1      | Reached XP level 1. HP: 16/16 MP: 1/1
    53 | D:1      | Reached skill level 3 in Long Blades
   118 | D:1      | Gained mutation: You have a pair of small antennae on your
                  | head. [demonic ancestry]
   118 | D:1      | Reached XP level 2. HP: 21/22 MP: 2/2
   408 | D:1      | Gained mutation: You have a pair of antennae on your head.
                  | [demonic ancestry]
   408 | D:1      | Reached XP level 3. HP: 12/28 MP: 3/3
   577 | D:1      | Found The Oracle's Delphic Readings.
   597 | D:1      | Bought a scroll of identify for 26 gold pieces
   745 | D:1      | Reached skill level 1 in Polearms
   770 | D:1      | Found a faded altar of an unknown god.
   871 | D:2      | Noticed Sigmund
  1998 | D:3      | Learned a level 1 spell: Summon Small Mammal
  2068 | D:3      | Gained mutation: Your demonic aura sometimes causes spilled
                  | blood to erupt in flames. [demonic ancestry]
  2068 | D:3      | Reached XP level 4. HP: 34/34 MP: 4/4
  2102 | D:3      | Succumbed to an orc wizard's poison

Illustrated notes

Levels and vault maps discovered:
D:1:      wander_arrival_fairy_ring, layout_loops_ring,
          shapermc_ecumenical_altar_mp_highgroup, nicolae_nh_oracle_at_delphi
D:2:      layout_basic, minmay_misc_feat_alley, uniq_sigmund
D:3:      layout_basic, kennysheep_generic_room_14, uniq_crazy_yiuf_cottage

Skill      XL: |  1  2  3 |
---------------+----------+-----
Long Blades    | 3 |  3.6
Polearms       | 2 |  2.0
Fighting       | |  2.4
Throwing       | |  1.7
Dodging        | |  2.6

Action                     |  1- 3 |  4- 6 || total
---------------------------+-------+-------++-------
  Melee: Long sword        |    56 |       ||    56
         Spear             |    99 |     7 ||   106
   Stab: Sleeping          |     1 |       ||     1
 Armour: Leather armour    |    17 |       ||    17
         Ring mail         |    17 |     5 ||    22
  Dodge: Dodged            |    75 |     1 ||    76

Table legend: (Time is in decaauts)
 A = Elapsed time spent in this place.
 B = Non-inter-level travel time spent in this place.
 C = Inter-level travel time spent in this place.
 D = Time resting spent in this place.
 E = Time spent auto-exploring this place.
 F = Levels seen in this place.
 G = Mean time per level.
                   A        B        C        D        E       F      G
               +--------+--------+--------+--------+--------+-----+--------+
         Total |   2117 |   2064 |     53 |     96 |   1515 |   3 |  705.7 |
       Dungeon |   2117 |   2064 |     53 |     96 |   1515 |   3 |  705.7 |
               +--------+--------+--------+--------+--------+-----+--------+

Top non-repeatable levels by time:
     D:2: 1059 daAuts
     D:1: 882 daAuts
     D:3: 175 daAuts
